 Dungeon Crawl Stone Soup version 0.28.0-43-g3370ac3207 (webtiles) character file.

Game seed: 14011007087270487746

961 pkoi the Stinger (level 7, 0/50 HPs)
             Began as a Demigod Venom Mage on Mar 31, 2022.
             Slain by a black bear (7 damage)
             ... on level 5 of the Dungeon.
             The game lasted 00:13:29 (6506 turns).

pkoi the Stinger (Demigod Venom Mage)               Turns: 6506, Time: 00:13:30

Health: 0/50       AC:  2    Str:  9    XL:     7   Next: 60%
Magic:  11/16      EV: 12    Int: 25    God:
Gold:   221        SH:  0    Dex: 14    Spells: 2/14 levels left

rFire   . . .      SeeInvis .   u - +1 whip (elec)
rCold   . . .      Faith    .   (no shield)
rNeg    . . .      Spirit   .   a - +0 robe
rPois   .          Reflect  .   (no helmet)
rElec   .          Harm     .   (no cloak)
rCorr   .          Rampage  .   (no gloves)
Will    .....                   (no boots)
Stlth   ++........              (no amulet)
HPRegen 0.16/turn               (no ring)
MPRegen 0.15/turn               (no ring)

@: no status effects
A: high MP 1, forlorn, divine attributes
a: no special abilities


You were on level 5 of the Dungeon.
You visited 1 branch of the dungeon, and saw 5 of its levels.

You collected 221 gold pieces.

Inventory:

Hand Weapons
 f - a +0 club of flaming
 g - a +1 dagger of speed
 u - a +1 whip of electrocution (weapon)
Missiles
 d - 11 poisoned darts
Armour
 a - a +0 robe (worn)
Magical Staves
 o - a staff of fire
Jewellery
 b - a ring of ice
 q - a ring of positive energy
Wands
 i - a wand of acid (8)
 j - a wand of paralysis (12)
 v - a wand of mindburst (19)
Potions
 h - 3 potions of might {unknown}
 k - a potion of attraction
 n - 3 potions of haste {unknown}
 p - a potion of curing
 r - a potion of magic
 t - a potion of lignification


   Skills:
 - Level 1.7 Dodging
 - Level 1.7 Stealth
 + Level 4.2 Spellcasting
 + Level 4.1 Transmutations
 + Level 3.6 Air Magic
 + Level 5.0 Poison Magic


You had 2 spell levels left.
You knew the following spells:

 Your Spells              Type           Power      Damage    Failure   Level
a - Sting                 Tmut/Pois      100%       1d8       1%          1
b - Poisonous Vapours     Pois/Air       52%        N/A       2%          2
c - Olgreb's Toxic Radia  Pois           30%        N/A       11%         4
d - Passwall              Tmut/Erth      12%        N/A       6%          2
e - Swiftness             Air            23%        N/A       6%          3

Your spell library contained the following spells:

 Spells                   Type           Power      Damage    Failure   Level
 Slow                     Hex            20%        N/A       9%          1
 Ensorcelled Hibernation  Hex/Ice        10%        N/A       14%         2
 Mephitic Cloud           Conj/Pois/Air  19%        N/A       9%          3
 Confusing Touch          Hex            5%         N/A       26%         3
 Vampiric Draining        Necr           5%         2d6       26%         3


Dungeon Overview and Level Annotations

Branches:
Dungeon (5/15)
 Temple: D:4-7

Annotations:
D:2 1 runed translucent door, Crazy Yiuf
D:3 2 runed translucent doors, CourtJackal's ghost, amateur HuFi


Innate Abilities, Weirdness & Mutations

You have an increased reservoir of magic. (+10% MP)
You shall have no god before yourself.
Your divine heritage dramatically boosts your attributes as you level up.


Message History

Confirm with . or Enter, or press ? or * to list all spells.
Aiming: Poisonous Vapours (safe; 2% risk of failure)
Press: ? - help, Dir - move target, f/p - black bear
Aim: a black bear (heavily wounded, very poisoned) Poisonous vapours surround the black bear!
The black bear looks as sick as possible!
The black bear closely misses you. The black bear claws you.
* * * LOW HITPOINT WARNING * * *
The black bear claws you.
* * * LOW HITPOINT WARNING * * *
The black bear goes berserk!
The black bear bites you but does no damage.
The black bear claws you.
* * * LOW HITPOINT WARNING * * *
The black bear claws you.
* * * LOW HITPOINT WARNING * * *
Casting: Poisonous Vapours (safe; 2% risk of failure)
Confirm with . or Enter, or press ? or * to list all spells.
Aiming: Poisonous Vapours (safe; 2% risk of failure)
Press: ? - help, Dir - move target, f/p - black bear
Aim: a black bear (almost dead, berserk, very poisoned) Poisonous vapours surround the black bear!
The black bear looks as sick as possible!
The black bear bites you.
* * * LOW HITPOINT WARNING * * *
The black bear claws you.
* * * LOW HITPOINT WARNING * * *
The black bear claws you.
* * * LOW HITPOINT WARNING * * *
The black bear barely misses you. The black bear claws you!
* * * LOW HITPOINT WARNING * * *
The black bear claws you.
* * * LOW HITPOINT WARNING * * *
Aiming: Mindburst
Press: ? - help, Shift-Dir - straight line, f/p - black bear
Aim: a black bear (almost dead, berserk, extremely poisoned, chance to affect: 64%)
The black bear struggles to resist.
The black bear bites you.
* * * LOW HITPOINT WARNING * * *
The black bear claws you!
You die...

...............#
.########.######
.# #.# ## #.# #
#># # #.###### #
#.##...## #
#.#.###.## #
#..## ##@# #
#..# #h# # ###
##.## ##.#
###.## ##.###.##
##...## ##...##
......# ##.##
##...## #.#
##.## #.# #.#
#.#


You could see a black bear (berserk, extremely poisoned).

Vanquished Creatures
  Eustachio (D:4)
  Sigmund (D:2)
  Edmund (D:4)
  A sky beast (D:5)
  2 ogres
  A bullfrog skeleton (D:5)
  An orc priest (D:4)
  A centaur skeleton (D:5)
  Ijyb (D:4)
  3 orc wizards (D:4)
  3 adders
  A worm (D:3)
  3 dart slugs (D:1)
  10 orcs
  6 ball pythons
  4 bats
  11 endoplasms
  7 giant cockroaches
  3 goblins
  6 hobgoblins
  4 jackals (D:1)
  2 quokkas
  4 frilled lizards
  6 kobolds
  3 rats
86 creatures vanquished.

Notes
Turn   | Place    | Note
-------+----------+-------------------------------------------
     0 | D:1      | pkoi the Demigod Venom Mage began the quest for the Orb.
     0 | D:1      | Reached XP level 1. HP: 14/14 MP: 5/5
    29 | D:1      | Reached skill level 1 in Transmutations
   157 | D:1      | Reached XP level 2. HP: 1/20 MP: 0/7
   490 | D:1      | Reached skill level 3 in Poison Magic
   523 | D:1      | HP: 1/20 [kobold/+0 club (2)]
  1299 | D:1      | Reached XP level 3. HP: 26/26 MP: 6/9
  1529 | D:2      | Learned a level 2 spell: Poisonous Vapours
  1657 | D:2      | Noticed Sigmund
  1672 | D:2      | Killed Sigmund
  1673 | D:2      | Reached skill level 1 in Air Magic
  1673 | D:2      | Reached XP level 4. HP: 22/33 MP: 5/11
  1673 | D:2      | Reached XP level 5. HP: 25/38 MP: 5/12
  1830 | D:2      | Found a runed translucent door.
  1831 | D:2      | Noticed Crazy Yiuf
  2336 | D:2      | You fall into a shaft and drop 1 floor!
  2474 | D:3      | Learned a level 4 spell: Olgreb's Toxic Radiance
  2968 | D:3      | Found a large runed translucent door.
  2968 | D:3      | Found a large runed translucent door.
  2970 | D:3      | Noticed CourtJackal's ghost (amateur HuFi)
  3618 | D:4      | Noticed Eustachio
  3760 | D:4      | Killed Eustachio
  3761 | D:4      | Reached skill level 4 in Poison Magic
  3761 | D:4      | Reached XP level 6. HP: 26/45 MP: 4/14
  4160 | D:4      | Learned a level 2 spell: Passwall
  4164 | D:4      | Learned a level 3 spell: Swiftness
  5056 | D:4      | Noticed Edmund
  5079 | D:4      | Noticed Ijyb
  5083 | D:4      | Killed Edmund
  5084 | D:4      | Reached XP level 7. HP: 50/50 MP: 7/15
  5296 | D:4      | Killed Ijyb
  5666 | D:5      | Entered Level 5 of the Dungeon
  6471 | D:5      | Reached skill level 5 in Poison Magic
  6506 | D:5      | Slain by a black bear

Illustrated notes

Levels and vault maps discovered:
D:1:      dpeg_arrival_more_subterranean_lakeside_camping, layout_rooms
D:2:      layout_loops_cross, hellmonk_ecumenical_altar_defaced_shrine,
          chequers_serial_rivers_micro_b, uniq_sigmund, uniq_crazy_yiuf_cottage
D:3:      layout_loops_ring, chei_slow_surprise,
          mainiacjoe_overflow_concentric_impassable,
          ebering_ghost_disaster_area, kennysheep_small_spiral,
          chequers_hall_statues_corner_a
D:4:      layout_basic, nicolae_kikubaaqudgha_miasma_corner,
          grunt_qazlal_sundering, minmay_a_box_with_orc_wizards_in_it,
          uniq_ijyb, uniq_eustachio, uniq_edmund
D:5:      layout_loops_ring, tso_metal_star, lightli_church_of_beogh

Skill      XL: |  1  2  3  4  5  6  7 |
---------------+----------------------+-----
Transmutations | 1 2 3 4 |  4.1
Spellcasting   | 2 3 4 |  4.2
Poison Magic   | 3 4 5 |  5.0
Air Magic      | 1 2 3 |  3.6
Dodging        | |  1.7
Stealth        | |  1.7

Action                   |  1- 3 |  4- 6 |  7- 9 || total
-------------------------+-------+-------+-------++-------
Melee: Unarmed           |    12 |       |       ||    12
       Dagger            |     3 |    41 |       ||    44
       Whip              |       |       |    23 ||    23
       Punch             |       |       |     1 ||     1
 Cast: Sting             |    64 |   108 |    14 ||   186
       Poisonous Vapours |     1 |    13 |     8 ||    22
Evoke: Wand              |       |       |     1 ||     1
  Use: Scroll            |       |       |     8 ||     8
Armor: Robe              |     8 |    17 |     4 ||    29
Dodge: Dodged            |    43 |    62 |    36 ||   141
